 Dungeon Crawl Stone Soup version 0.30-a0-586-g23e55c9e0a (webtiles) character file.

Game seed: 5032254640072268945

233 Citaku the Covered (level 5, -5/47 HPs)
             Began as a Minotaur Fighter on Jan 3, 2023.
             Was an Initiate of Ashenzari.
             Slain by an orc
             ... wielding a +4 morningstar
              (10 damage)
             ... on level 4 of the Dungeon.
             The game lasted 00:05:20 (2538 turns).

Citaku the Covered (Minotaur Fighter)               Turns: 2538, Time: 00:05:20

Health: -5/47      AC:  7    Str: 21    XL:     5   Next: 74%
Magic:  4/4        EV:  9    Int:  5    God:    Ashenzari [......]
Gold:   110        SH:  0    Dex: 11    Spells: 4/4 levels left

rFire   . . .      SeeInvis .    a - +0 war axe
rCold   . . .      Faith    .    c - +0 buckler
rNeg    . . .      Spirit   .    b - +0 scale mail
rPois   .          Reflect  .    (helmet restricted)
rElec   .          Harm     .    (no cloak)
rCorr   .          Rampage  .    (no gloves)
Will    .....                    (no boots) Stlth
                                 (no amulet)
HPRegen 0.27/turn                (no ring)
MPRegen 0.09/turn                (no ring)

@: confused
A: horns 2, retaliatory headbutt
a: Renounce Religion, Curse Item


You were on level 4 of the Dungeon.
You worshipped Ashenzari.
Ashenzari was noncommittal.
You visited 1 branch of the dungeon, and saw 4 of its levels.

You collected 110 gold pieces.

Inventory:

Hand Weapons
 a - a +0 war axe (weapon)
Armour
 b - a +0 scale mail (worn)
 c - a +0 buckler (worn)
Wands
 p - a wand of flame (12)
Scrolls
 d - a scroll of noise {unknown}
 g - 5 scrolls of identify {unknown}
 j - 2 scrolls of vulnerability {unknown}
 k - a scroll of poison {unknown}
 l - 2 scrolls of teleportation {unknown}
 m - a scroll of immolation {unknown}
 n - a scroll of fear {unknown}
Potions
 e - a potion of heal wounds
 f - a potion of attraction {unknown}
 h - 2 potions of ambrosia {unknown}
 i - a potion of curing {unknown}
 o - a potion of berserk rage {unknown}


   Skills:
 + Level 4.7 Fighting
 * Level 5.0 Axes
 * Level 5.7 Armour
 - Level 3.6 Shields


You had 4 spell levels left.
You didn't know any spells.
Your spell library contained the following spells:

 Spells                   Type           Power      Damage    Failure   Level
 Foxfire                  Conj/Fire      0%         2x1d4     87%         1
 Fireball                 Conj/Fire      0%         3d3       100%        5
 Starburst                Conj/Fire      0%         6d3       100%        6


Dungeon Overview and Level Annotations

Branches:
Dungeon (4/15)
 Temple: D:4-7

Altars:
Ashenzari

Shops:
D:4 :


Innate Abilities, Weirdness & Mutations

You have a pair of horns on your head.
You reflexively headbutt those who attack you in melee.


Message History

You are confused.
The orc closely misses you.
You miss something. Your headbutt misses something. You closely miss the orc.
You miss the adder. The adder bites you but does no damage.
Something hits you but does no damage. The orc barely misses you.
The adder bites you but does no damage.
You miss something. Your headbutt misses something. You barely miss the orc.
You closely miss the adder. The adder bites you but does no damage.
Something hits you but does no damage. The orc hits you with a +4 morningstar!
The adder barely misses you.
You bump into the rock wall.
You hear some strange, mumbled words.
A puff of flame appears from out of thin air!
The puff of flame hits you. The orc hits you but does no damage.
The adder bites you but does no damage.
You hear some strange, mumbled words.
You are more confused.
The orc hits you with a +4 morningstar!
* * * LOW HITPOINT WARNING * * *
The adder closely misses you.
You bump into the rock wall.
The orc hits you with a +4 morningstar!
* * * LOW HITPOINT WARNING * * *
The adder misses you.
You're too confused to move!
The adder bites you but does no damage. Something hits you but does no damage.
The orc closely misses you. The adder bites you but does no damage.
It was a potion of heal wounds.
You feel much better. Something hits you but does no damage.
The orc hits you with a +4 morningstar! The adder bites you.
You barely miss something. Your headbutt misses something. You hit the orc.
You miss the adder. Something hits you but does no damage.
The orc hits you with a +4 morningstar!
* * * LOW HITPOINT WARNING * * *
The adder closely misses you.
You hear some strange, mumbled words.
You are more confused.
The adder bites you.
* * * LOW HITPOINT WARNING * * *
The orc hits you with a +4 morningstar!
You die...

#<......#
#.##....#
#.##.>..#
#.##....#
#.......# ##
#.......# .
#.##.##.#.#
#.##.##.#.#####
#.##..o@S......
#.#####)#.#####
#.# #.#.# #..
..# ## ####


You could see an adder and an orc.

Vanquished Creatures
  An orc priest (D:3)
  An orc wizard (D:3)
  2 adders
  7 gnolls
  3 dart slugs (D:1)
  7 orcs
  10 endoplasms
  6 giant cockroaches
  6 goblins
  3 hobgoblins
  4 jackals (D:1)
  6 quokkas
  5 ball pythons
  9 bats
  2 frilled lizards
  3 kobolds
  6 rats
81 creatures vanquished.

Notes
Turn   | Place    | Note
-------+----------+-------------------------------------------
     0 | D:1      | Citaku the Minotaur Fighter began the quest for the Orb.
     0 | D:1      | Reached XP level 1. HP: 19/19 MP: 0/0
    34 | D:1      | Reached XP level 2. HP: 22/27 MP: 1/1
   353 | D:1      | Reached XP level 3. HP: 33/33 MP: 2/2
   943 | D:2      | Found a broken altar of Ashenzari.
   972 | D:2      | Became a worshipper of Ashenzari the Shackled
  1424 | D:2      | Reached XP level 4. HP: 16/40 MP: 3/3
  1651 | D:3      | Reached skill level 5 in Armour
  1740 | D:3      | Reached XP level 5. HP: 39/47 MP: 4/4
  2504 | D:4      | Found Velleod's Book Shop.
  2527 | D:4      | Reached skill level 5 in Axes
  2538 | D:4      | Slain by an orc

Illustrated notes

Levels and vault maps discovered:
D:1:      tarquinn_simple_flora_water_c, layout_loops_ring
D:2:      layout_basic, basic_altar, minmay_pentomino_r2
D:3:      wander_river, layout_loops_ring, nrook_mini_vaults
D:4:      layout_loops_cross, serial_shops, nicolae_stop_n_shop_2,
          chequers_arboretum, minmay_crystal_water, kennysheep_generic_room_7

Skill      XL: |  1  2  3  4  5 |
---------------+----------------+-----
Armour         | 4 5 |  5.7
Axes           | 3 4 5 |  5.0
Fighting       | 4 |  4.7
Shields        | |  3.6

Action                   |  1- 3 |  4- 6 || total
-------------------------+-------+-------++-------
Melee: War axe           |    82 |    70 ||   152
       Headbutt          |    14 |    11 ||    25
  Use: Potion            |       |     2 ||     2
Armor: Scale mail        |    56 |    45 ||   101
Dodge: Dodged            |    55 |    47 ||   102
Block: Buckler           |    21 |    19 ||    40

Table legend: (Time is in decaauts)
 A = Elapsed time spent in this place.
 B = Non-inter-level travel time spent in this place.
 C = Inter-level travel time spent in this place.
 D = Time resting spent in this place.
 E = Time spent auto-exploring this place.
 F = Levels seen in this place.
 G = Mean time per level.
                   A        B        C        D        E       F      G
               +--------+--------+--------+--------+--------+-----+--------+
         Total |   2619 |   2619 |      0 |    110 |   1732 |   4 |  654.8 |
       Dungeon |   2619 |   2619 |      0 |    110 |   1732 |   4 |  654.8 |
               +--------+--------+--------+--------+--------+-----+--------+

Top non-repeatable levels by time:
     D:3: 906 daAuts
     D:1: 877 daAuts
     D:2: 800 daAuts
     D:4: 35 daAuts
